 Dungeon Crawl Stone Soup version 0.21-a0-460-g737a915 (webtiles) character file.

224 kiturien the Chiller (level 6, -9/39 HPs)
             Began as an Octopode Ice Elementalist on Nov 20, 2017.
             Shot with an arrow by a centaur (12 damage)
             ... on level 3 of the Dungeon.
             The game lasted 00:16:21 (3865 turns).

kiturien the Chiller (Octopode Ice Elementalist)    Turns: 3865, Time: 00:16:21

Health: -9/39      AC:  1    Str:  7    XL:     6   Next: 0%
Magic:  4/11       EV: 14    Int: 19    God:
Gold:   74         SH:  0    Dex: 16    Spells: 2/12 levels left

rFire    . . .     SeeInvis .     - Unarmed
rCold    . . .     Gourm    .   (no shield)
rNeg     . . .     Faith    .   (helmet restricted)
rPois    .         Spirit   .   (no amulet)
rElec    .         Reflect  .   j - +3 ring of dexterity
rCorr    .         Harm     .   (no ring)
MR       .....                  (no ring)
Stlth    +++.......             (no ring)
HPRegen  0.13/turn              (no ring)
MPRegen  0.12/turn              (no ring)
                                (no ring)
                                (no ring)

@: no status effects
A: almost no armour, stealthy swim, amphibious, 8 rings, constrict 8, camouflage
1, gelatinous body 1
a: no special abilities


You were on level 3 of the Dungeon.
You were not hungry.

You visited 1 branch of the dungeon, and saw 3 of its levels.

You collected 74 gold pieces.

Inventory:

Hand Weapons
 l - a +0 trident
Missiles
 h - 62 stones (quivered)
Jewellery
 j - a +3 ring of dexterity (left tentacle)
Scrolls
 d - a scroll of immolation
 e - a scroll of amnesia {unknown}
 f - a scroll of fog {unknown}
 k - a scroll of remove curse
Books
 a - a book of Frost

   Spells                             Type                      Level
   a - Freeze                         Ice                          1
   b - Throw Frost                    Conjuration/Ice              2
   c - Ozocubu's Armour               Charms/Ice                   3
   d - Throw Icicle                   Conjuration/Ice              4
   e - Summon Ice Beast               Ice/Summoning                4
 m - a book of Changes

   Spells                             Type                      Level
   a - Beastly Appendage              Transmutation                1
   b - Sticks to Snakes               Transmutation                2
   c - Spider Form                    Transmutation/Poison         3
   d - Ice Form                       Ice/Transmutation            4
   e - Blade Hands                    Transmutation                5
Comestibles
 b - 4 bread rations
 c - 3 meat rations
 g - a royal jelly
 i - 4 chunks of flesh


   Skills:
 - Level 2.1 Fighting
 - Level 2.0 Dodging
 - Level 2.6 Stealth
 - Level 2.1 Unarmed Combat
 + Level 3.5 Spellcasting
 - Level 1.0 Conjurations
 - Level 4.3 Ice Magic


You had 2 spell levels left.
You knew the following spells:

 Your Spells              Type           Power        Failure   Level  Hunger
a - Freeze                Ice            ###.         2%          1    None
b - Throw Frost           Conj/Ice       ##....       8%          2    ##.....
c - Ozocubu's Armour      Chrm/Ice       ##......     19%         3    ###....
d - Throw Icicle          Conj/Ice       ##......     43%         4    ####...


Dungeon Overview and Level Annotations

Branches:
Dungeon (3/15)

Altars:
Makhleb


Innate Abilities, Weirdness & Mutations

You cannot wear most types of armour.
You are very stealthy in the water. (Stealth+)
You are amphibious.
You can wear up to eight rings at the same time.
You can use your tentacles to constrict eight enemies at once.
Your skin changes colour to match your surroundings (Stealth+).
Your rubbery body absorbs attacks. (AC +1, EV +1)


Message History

The puff of frost hits the orc.
The orc is severely wounded.
Casting: Throw Frost
Confirm with . or Enter, or press ? or * to list all spells.
Aiming: Throw Frost
Press: ? - help, Shift-Dir - straight line, f/p - orc
Aim: an orc, wielding a flail and wearing a ring mail (severely wounded)
The puff of frost hits the orc.
You kill the orc!
You have reached level 6!
Your experience leads to an increase in your attributes!
Your base attributes are Str 7, Int 18, Dex 13.
Increase (S)trength, (I)ntelligence, or (D)exterity?
You feel clever.
The centaur shoots an arrow.
The arrow hits you!
The orc shouts!
The centaur shoots an arrow.
The arrow hits you!
* * * LOW HITPOINT WARNING * * *
The centaur shoots an arrow.
The arrow hits you!
You die...

..........[.........
##############.####.#.#
#.
.........o.c.o.o......##
#.
##############.#..#.#..#
#. #.#..#.#..# ##.
#.#co#.#..## #..
#.#).#.#...# #..
#.#..#.#.#.## #..
#.#@.#.#.#..# ###..
#.#.##.#)##)## #.#(.
#...)#'##).###.#..
#####....)..##.#..
#.......##.)).
#....[..##.##.
##'####.##.##.
###.####..#.##.
#...).).)...##.


You could see a centaur and 2 orcs.

Vanquished Creatures
  An orc priest (D:3)
  2 orc wizards (D:3)
  5 adders
  2 oozes (D:1)
  2 worms
  2 dart slugs
  2 leopard geckos (D:1)
  9 orcs
  3 giant cockroaches (D:3)
  5 hobgoblins
  4 jackals (D:1)
  3 ball pythons
  5 bats
  5 frilled lizards
  10 goblins
  5 kobolds
  4 rats
69 creatures vanquished.

Notes
Turn   | Place    | Note
-------+----------+-------------------------------------------
     0 | D:1      | kiturien the Octopode Ice Elementalist began the quest for the Orb.
     0 | D:1      | Reached XP level 1. HP: 11/11 MP: 3/3
    27 | D:1      | Reached XP level 2. HP: 8/17 MP: 0/5
   472 | D:1      | Reached skill level 1 in Fighting
   689 | D:1      | Reached skill level 1 in Unarmed Combat
   689 | D:1      | Reached XP level 3. HP: 23/23 MP: 4/6
  1535 | D:2      | Learned a level 2 spell: Throw Frost
  1539 | D:2      | Learned a level 3 spell: Ozocubu's Armour
  1555 | D:2      | Reached XP level 4. HP: 29/29 MP: 0/7
  1746 | D:2      | Found a burning altar of Makhleb.
  2948 | D:3      | Reached skill level 4 in Ice Magic
  2948 | D:3      | Reached XP level 5. HP: 30/34 MP: 3/8
  3707 | D:3      | Learned a level 4 spell: Throw Icicle
  3839 | D:3      | Noticed a centaur
  3864 | D:3      | Reached XP level 6. HP: 30/39 MP: 4/11
  3865 | D:3      | Shot with an arrow by a centaur

Vault maps used:
D:1:      lightli_arrival_boilingwater
D:2:      lemuel_crystal_altar, corexii_corridor_pit

Skill      XL: |  1  2  3  4  5 |
---------------+----------------+-----
Fighting       | 1 2 |  2.1
Unarmed Combat | 1 2 |  2.1
Ice Magic      | 4 |  4.3
Spellcasting   | 3 |  3.5
Dodging        | |  2.0
Stealth        | |  2.6
Conjurations   | |  1.0

Action                   |  1- 3 |  4- 6 || total
-------------------------+-------+-------++-------
Melee: Unarmed           |    69 |    64 ||   133
       Tentacles         |    17 |     8 ||    25
       Constrict         |    16 |    15 ||    31
       Punch             |       |     1 ||     1
 Cast: Freeze            |    21 |     9 ||    30
       Ozocubu's Armour  |     2 |     1 ||     3
       Throw Frost       |       |    48 ||    48
  Use: Scroll            |     3 |     1 ||     4
       Potion            |     2 |       ||     2
 Stab: Sleeping          |     2 |       ||     2
  Eat: Chunk             |     2 |    10 ||    12
Armor: Skin              |    10 |     8 ||    18
Dodge: Dodged            |    38 |    43 ||    81

Table legend:
 A = Spawn XP
 B = Non-spawn XP
 C = Spawn XP percentage of total XP
 D = Spawn monster count
 E = Non-spawn monster count
 F = Spawn count percentage of total count
 G = Total turns spent on level
                    A         B        C        D         E        F      G
               +---------+---------+-------+---------+---------+-------+---------
         Total |       0 |     321 |   0.0 |       0 |      69 |   0.0 |  3865
               +---------+---------+-------+---------+---------+-------+---------
           D:1 |       0 |      51 |   0.0 |       0 |      23 |   0.0 |  1173
           D:2 |       0 |      93 |   0.0 |       0 |      25 |   0.0 |  1654
           D:3 |       0 |     177 |   0.0 |       0 |      21 |   0.0 |  1038
               +---------+---------+-------+---------+---------+-------+---------
